 Dungeon Crawl Stone Soup version 0.30-a0-613-gdd512c7efb (webtiles) character file.

Game seed: 10777175568406087641

21 bmack86 the Trooper (level 2, -26/27 HPs)
             Began as a Minotaur Fighter on Jan 8, 2023.
             Engulfed by a cloud of flame (28 damage)
             ... on level 2 of the Dungeon.
             The game lasted 00:01:32 (526 turns).

bmack86 the Trooper (Minotaur Fighter)               Turns: 526, Time: 00:01:33

Health: -26/27     AC:  7    Str: 20    XL:     2   Next: 65%
Magic:  1/1        EV:  9    Int:  5    God:
Gold:   51         SH:  4    Dex:  9    Spells: 1/1 levels left

rFire   . . .      SeeInvis .    a - +0 war axe
rCold   . . .      Faith    .    c - +0 buckler
rNeg    . . .      Spirit   .    b - +0 scale mail
rPois   .          Reflect  .    (helmet restricted)
rElec   .          Harm     .    (no cloak)
rCorr   .          Rampage  .    (no gloves)
Will    .....                    (no boots) Stlth
                                 (no amulet)
HPRegen 0.24/turn                (no ring)
MPRegen 0.07/turn                (no ring)

@: no status effects
A: horns 2, retaliatory headbutt
a: no special abilities


You were on level 2 of the Dungeon.
You visited 1 branch of the dungeon, and saw 2 of its levels.

You collected 51 gold pieces.

Inventory:

Hand Weapons
 a - a +0 war axe (weapon)
Missiles
 e - 4 atropa-tipped darts (quivered)
Armour
 b - a +0 scale mail (worn)
 c - a +0 buckler (worn)
Potions
 d - a potion of might
 h - a potion of flight
 j - a potion of degeneration


   Skills:
 * Level 4.0 Fighting
 * Level 3.1 Axes
 + Level 0.4 Throwing
 + Level 3.7 Armour
 + Level 3.7 Shields


You had one spell level left.
You didn't know any spells.
Your spell library was empty.

Dungeon Overview and Level Annotations

Branches:
Dungeon (2/15)

Altars:


Innate Abilities, Weirdness & Mutations

You have a pair of horns on your head.
You reflexively headbutt those who attack you in melee.


Message History

A rat comes into view.
Found a stone staircase leading down.
A rat is nearby!
The rat twitches its whiskers.
You closely miss the rat. Your headbutt misses the rat.
The rat closely misses you. The rat barely misses you. You furiously retaliate!
You headbutt the rat!
You kill the rat!
You see here a rat corpse.
There is a stone staircase leading down here.
g - 2 scrolls labelled COERUE SI CUG (gained 1) Done exploring.
Done exploring.
There is a stone staircase leading down here.
You climb downwards.
The kobold shouts!
The ball python hisses angrily.
Found a scroll labelled JURODA PESHRYQI and a flail.
There is a stone staircase leading up here.
As you read the scroll labelled VIGAGASKI, it crumbles to dust.
The creatures around you are filled with an inner flame!
It was a scroll of immolation.
The kobold throws a stone.
The stone barely misses you.
Okay, then.
Blink to where?
Press: ? - help, Dir - move target
As you read the scroll labelled OSIASCH ZAAPLYU, it crumbles to dust.
It was a scroll of blinking.
As you read the scroll labelled COERUE SI CUG, it crumbles to dust.
It is a scroll of identify.
h - a potion of flight
As you read the scroll of identify, it crumbles to dust.
j - a potion of degeneration You slash the ball python!
The ball python explodes!
The fiery explosion engulfs you!!
Ouch! That really hurt!
* * * LOW HITPOINT WARNING * * *
You are engulfed in blazing flames.
Ouch! That really hurt!
You die...

#...... #.....#
## ..... ...
#...###..#
+....... ##....#
#..<..#
...##.§§.#.#.#.
.....§§@.......
.....§...#.....
#..?.K..........
#.........#...##
..........+...+
..##......# ..#
##.....# ..#
#.....# .#


You could see a kobold (inner flame).

Vanquished Creatures
  4 ball pythons
  3 endoplasms (D:1)
  2 giant cockroaches (D:1)
  2 goblins (D:1)
  A hobgoblin (D:1)
  3 bats (D:1)
  4 kobolds (D:1)
  A rat (D:1)
20 creatures vanquished.

Notes
Turn   | Place    | Note
-------+----------+-------------------------------------------
     0 | D:1      | bmack86 the Minotaur Fighter began the quest for the Orb.
     0 | D:1      | Reached XP level 1. HP: 19/19 MP: 0/0
   248 | D:1      | Reached XP level 2. HP: 21/27 MP: 1/1
   321 | D:1      | Reached skill level 4 in Fighting
   526 | D:2      | Engulfed by a cloud of flame

Illustrated notes

Levels and vault maps discovered:
D:1:      tarquinn_simple_flora_water_f, layout_rooms, st_stairs_5,
          hangedman_decor_lopped
D:2:      minmay_wonky_spiral, layout_basic, minmay_bisected,
          uniq_crazy_yiuf_cottage, uniq_robin

Skill      XL: |  1  2 |
---------------+-------+-----
Axes           | 3 |  3.1
Fighting       | 4 |  4.0
Throwing       | |  0.4
Armour         | |  3.7
Shields        | |  3.7

Action                   || total
-------------------------++-------
Melee: War axe           ||    27
       Headbutt          ||     3
Throw: Dart              ||     2
  Use: Scroll            ||     4
 Stab: Invisible         ||     1
Armor: Scale mail        ||    30
Dodge: Dodged            ||    19
Block: Buckler           ||    13

Table legend: (Time is in decaauts)
 A = Elapsed time spent in this place.
 B = Non-inter-level travel time spent in this place.
 C = Inter-level travel time spent in this place.
 D = Time resting spent in this place.
 E = Time spent auto-exploring this place.
 F = Levels seen in this place.
 G = Mean time per level.
                   A        B        C        D        E       F      G
               +--------+--------+--------+--------+--------+-----+--------+
         Total |    536 |    515 |     21 |      0 |    341 |   2 |  268.0 |
       Dungeon |    536 |    515 |     21 |      0 |    341 |   2 |  268.0 |
               +--------+--------+--------+--------+--------+-----+--------+

Top non-repeatable levels by time:
     D:1: 529 daAuts
     D:2: 6 daAuts
